 Dungeon Crawl Stone Soup version 0.20-a0-464-g526fb3c (webtiles) character file.

61 Klosterheim the Skirmisher (level 4, -2/37 HPs)
             Began as a Barachian Fighter on Jan 11, 2017.
             Slain by Crazy Yiuf
             ... wielding a +3 quarterstaff of chaos
              (12 damage)
             ... on level 2 of the Dungeon.
             The game lasted 00:04:05 (1218 turns).

Klosterheim the Skirmisher (Barachian Fighter)      Turns: 1218, Time: 00:04:06

Health: -2/37      AC:  8    Str: 15    XL:     4   Next: 7%
Magic:  4/4        EV:  6    Int:  6    God:
Gold:   104        SH:  8    Dex: 10    Spells: 3/3 levels left

rFire  . . .     SeeInvis .     a - +0 long sword
rCold  . . .     Gourm    .     b - +0 scale mail
rNeg   . . .     Faith    .     c - +0 shield
rPois  .         Spirit   .     (no helmet)
rElec  .         Reflect  .     (no cloak)
rCorr  .         Harm     .     (no gloves)
MR     .....                    r - +0 pair of boots
Stlth  ..........               (no amulet)
                                (no ring)
                                (no ring)

@: very slightly contaminated, invisible, slow
A: swims, slowness 1, strong legs 1
a: Hop


You were on level 2 of the Dungeon.
You were hungry.

You visited 1 branch of the dungeon, and saw 2 of its levels.

You collected 104 gold pieces.

Inventory:

Hand Weapons
 a - a +0 long sword (weapon)
Armour
 b - a +0 scale mail (worn)
 c - a +0 shield (worn)
 r - a +0 pair of boots (worn)
Scrolls
 e - 2 scrolls of teleportation {unknown}
 h - 3 scrolls of remove curse {unknown}
 i - a scroll of noise {unknown}
 l - a scroll of fog {unknown}
 n - a scroll of random uselessness {unknown}
 o - 3 scrolls of identify {unknown}
 p - a scroll of enchant armour {unknown}
 q - a scroll of recharging {unknown}
Potions
 d - a potion of might
 j - a potion of ambrosia {unknown}
 k - 3 potions of flight {unknown}
 m - 2 potions of heal wounds
 s - 2 potions of cure mutation {unknown}
 t - 2 potions of degeneration {unknown}
Comestibles
 f - 4 bread rations
 g - a meat ration


   Skills:
 + Level 4.0 Fighting
 * Level 4.0 Long Blades
 - Level 3.2 Armour
 - Level 3.0 Shields


You had 3 spell levels left.
You didn't know any spells.

Dungeon Overview and Level Annotations

Branches:
Dungeon (2/15)

Altars:
Makhleb

Annotations:
D:2 Crazy Yiuf


Innate Abilities, Weirdness & Mutations

You can swim through water.
You cover ground slowly.
You can hop short distances.


Message History

Crazy Yiuf hits you with a quarterstaff of chaos!
Crazy Yiuf freezes you.
You hit Crazy Yiuf.
Crazy Yiuf is moderately wounded.
Crazy Yiuf says, "Adder noodlescoop wrapper!"
Crazy Yiuf hits you with a quarterstaff of chaos!
Crazy Yiuf burns you.
You hit Crazy Yiuf but do no damage.
Crazy Yiuf is moderately wounded.
You block Crazy Yiuf's attack.
You hit Crazy Yiuf.
Crazy Yiuf is moderately wounded.
Crazy Yiuf hits you with a quarterstaff of chaos.
* * * LOW HITPOINT WARNING * * *
You fade into invisibility!
You are very lightly contaminated with residual magic.
You hit Crazy Yiuf but do no damage.
Crazy Yiuf is moderately wounded.
Crazy Yiuf hits you with a quarterstaff of chaos!
You die...

..............##.#.##.....#
#.##
########......##.#.########
##... ###..#.#....#.# #..#.
#.......#..##.# #.##.
#####'####'##...#.# #....
#........#####..### #.###
#........# #....# #####.#
#........# ♣P♣.P♣ #.#...#
#........# ♣♣P@.♣
#####.#.#.# #........#
♣♣g♣♣ #'.##...#.#
#.....(..# ♣♣.♣ ##.##.#####
#........# ♣.♣♣ ##.##.#
##........# ♣♣g♣ #.....#
.#.....#..# ♣.♣♣ #######
..........# #'# ..........#
... ..........# #...#


You could see Crazy Yiuf.

Vanquished Creatures
  Ijyb (D:1)
  2 oozes (D:1)
  A dart slug (D:1)
  A leopard gecko (D:2)
  3 bats
  A giant cockroach (D:1)
  3 hobgoblins
  4 jackals (D:1)
  A ball python (D:2)
  4 frilled lizards
  2 goblins
  2 kobolds
  3 rats
  2 fungi (D:2)
30 creatures vanquished.

Notes
Turn   | Place    | Note
-------+----------+-------------------------------------------
     0 | D:1      | Klosterheim the Barachian Fighter began the quest for the Orb.
     0 | D:1      | Reached XP level 1. HP: 18/18 MP: 1/1
   146 | D:1      | Reached XP level 2. HP: 21/24 MP: 2/2
   228 | D:1      | Reached XP level 3. HP: 19/29 MP: 3/3
   570 | D:2      | Found a burning altar of Makhleb.
   572 | D:2      | Noticed Ijyb
   610 | D:1      | Killed Ijyb
  1022 | D:2      | Reached XP level 4. HP: 34/37 MP: 4/4
  1203 | D:2      | Found a runed door.
  1207 | D:2      | Noticed Crazy Yiuf
  1218 | D:2      | Slain by Crazy Yiuf

Vault maps used:
D:1:      dpeg_arrival_rooms_a, kennysheep_decorative_pillar,
          hangedman_abyss_or_decor_stabs
D:2:      bloody_makhleb, uniq_iyjb, uniq_crazy_yiuf_cottage

Skill      XL: |  1  2  3  4 |
---------------+-------------+-----
Long Blades    | 3 4 |  4.0
Fighting       | 4 |  4.0
Armour         | |  3.2
Shields        | |  3.0

Action                   |  1- 3 |  4- 6 || total
-------------------------+-------+-------++-------
Melee: Long sword        |   105 |    37 ||   142
  Eat: Chunk             |     1 |       ||     1
Armor: Scale mail        |    47 |     7 ||    54
Dodge: Dodged            |    26 |     4 ||    30
Block: Shield            |    46 |     6 ||    52
       Rpst.: Long sword |    11 |     1 ||    12
